 Dungeon Crawl Stone Soup version 0.28.0-53-g5a82cb258f (webtiles) character file.

Game seed: 3139902033898477503

16 styxcanada the Sneak (level 2, -2/14 HPs)
             Began as a Spriggan Brigand on Aug 13, 2022.
             Frozen to death by an endoplasm (5 damage)
             ... on level 1 of the Dungeon.
             The game lasted 00:01:34 (628 turns).

styxcanada the Sneak (Spriggan Brigand)              Turns: 628, Time: 00:01:35

Health: -2/14      AC:  3    Str:  7    XL:     2   Next: 41%
Magic:  3/3        EV: 16    Int: 12    God:
Gold:   0          SH:  0    Dex: 16    Spells: 1/1 levels left

rFire   . . .      SeeInvis +   a - +2 dagger
rCold   . . .      Faith    .   (no shield)
rNeg    . . .      Spirit   .   b - +0 robe
rPois   .          Reflect  .   (helmet restricted)
rElec   .          Harm     .   c - +0 cloak
rCorr   .          Rampage  .   (gloves unavailable)
Will    .....                   (boots unavailable)
Stlth   +++.......              (no amulet)
HPRegen 0.04/turn               (no ring)
MPRegen 0.08/turn               (no ring)

@: very quick
A: very small, no large weapons, unfitting armour, see invisible, speed 3
a: no special abilities


You were on level 1 of the Dungeon.
You visited 1 branch of the dungeon, and saw 1 of its levels.

Inventory:

Hand Weapons
 a - a +2 dagger (weapon)
Missiles
 d - 8 poisoned darts (quivered)
 e - 2 curare-tipped darts
Armour
 b - a +0 robe (worn)
 c - a +0 cloak (worn)
Scrolls
 f - 3 scrolls of identify {unknown}
Potions
 g - a potion of heal wounds {unknown}
 h - a potion of degeneration {unknown}


   Skills:
 * Level 1.5 Fighting
 + Level 2.3 Short Blades
 + Level 2.0 Throwing
 * Level 1.4 Dodging
 * Level 6.8 Stealth


You had one spell level left.
You didn't know any spells.
Your spell library was empty.

Dungeon Overview and Level Annotations

Branches:
Dungeon (1/15)

Altars:


Innate Abilities, Weirdness & Mutations

You are very small and have problems with some larger weapons.
You are too small for most types of armour.
You have supernaturally acute eyesight. (SInv)
You cover ground extremely quickly. (Speed+++)


Message History

The endoplasm jiggles.
The rat bites you.
You closely miss the rat. The rat bites you but does no damage.
You hit the rat.
You kill the rat!
You hit the endoplasm.
The endoplasm is heavily wounded.
The endoplasm closely misses you.
You hit the endoplasm.
You kill the endoplasm!
h - a silvery potion
d - 6 poisoned darts (gained 1)
f - 3 scrolls labelled FEMUGO RECE (gained 1)
d - 7 poisoned darts (gained 1)
You see here a poisoned dart.
d - 8 poisoned darts (gained 1)
The ball python hisses angrily.
You closely miss the ball python. The ball python closely misses you.
The ball python misses you.
You hit the ball python.
The ball python is moderately wounded.
The ball python bites you but does no damage.
The ball python closely misses you.
You hit the ball python.
You kill the ball python!
Found 11 arrows.
You see here a ball python corpse.
An endoplasm comes into view.
Found a scroll labelled ZAQUCR YSTUAZEHYGA.
The endoplasm freezes you.
You are frozen.
* * * LOW HITPOINT WARNING * * *
You hit the endoplasm.
The endoplasm is moderately wounded.
The endoplasm closely misses you.
You hit the endoplasm.
The endoplasm is severely wounded.
The endoplasm freezes you.
You are frozen.
You die...

........#.... ..........
...## ........####.
....?....# .....
........# #.#.........#
...#. #####.#.#
#..####.##.## . #. #...#
#.....(..... #
##..#####......(....
#..#..............#
#.......#.........###
##..........@........
#####...#..†.#...J.....#
#.......##..##.........#
#..)##.###...######..#..
###...†..............# #
####..####.#...###..#
#..#####.##..# #.#
##...##.......##.....
##....††............ ..


You could see an endoplasm.

Vanquished Creatures
  A dart slug (D:1)
  An endoplasm (D:1)
  A giant cockroach (D:1)
  A goblin (D:1)
  2 hobgoblins (D:1)
  A ball python (D:1)
  2 frilled lizards (D:1)
  A kobold (D:1)
  6 rats (D:1)
16 creatures vanquished.

Notes
Turn   | Place    | Note
-------+----------+-------------------------------------------
     0 | D:1      | styxcanada the Spriggan Brigand began the quest for the
                  | Orb.
     0 | D:1      | Reached XP level 1. HP: 10/10 MP: 2/2
   351 | D:1      | Reached skill level 6 in Stealth
   551 | D:1      | Reached XP level 2. HP: 7/14 MP: 3/3
   628 | D:1      | Frozen to death by an endoplasm

Illustrated notes

Levels and vault maps discovered:
D:1:      psy_arrival_spokes, layout_rooms

Skill      XL: |  1 |
---------------+----+-----
Stealth        | 6 |  6.8
Fighting       | |  1.5
Short Blades   | |  2.3
Throwing       | |  2.0
Dodging        | |  1.4

Action                   || total
-------------------------++-------
Melee: Dagger            ||    41
       Punch             ||     1
Throw: Dart              ||     7
 Stab: Sleeping          ||     3
       Distracted        ||     1
Armor: Robe              ||     6
Dodge: Dodged            ||    19
